 Dungeon Crawl Stone Soup version 0.27-a0-1046-g98bf31544f (webtiles) character file.

Game seed: 12547837980189174335

1542 Demosthentine the Spear-Bearer (level 8, -5/64 HPs)
             Began as a Merfolk Gladiator on Apr 20, 2021.
             Slain by a wyvern (10 damage)
             ... on level 7 of the Dungeon.
             The game lasted 00:05:28 (5908 turns).

Demosthentine the Spear-Bearer (Merfolk Gladiator)  Turns: 5908, Time: 00:05:28

Health: -5/64      AC:  6    Str: 16    XL:     8   Next: 87%
Magic:  8/8        EV: 15    Int:  8    God:
Gold:   365        SH:  0    Dex: 15    Spells: 7/7 levels left

rFire    . . .     SeeInvis +   a - +1 trident
rCold    . . .     Faith    .   (no shield)
rNeg     + . .     Spirit   .   b - +0 leather armour
rPois    .         Reflect  .   c - +0 helmet
rElec    .         Harm     .   (no cloak)
rCorr    .         Rampage  .   n - +1 pair of gloves
Will     .....                  (no boots)
Stlth    +.........             (no amulet)
HPRegen  0.20/turn              e - ring of positive energy
MPRegen  0.11/turn              o - ring of see invisible

@: no status effects
A: (nimble swimmer 2), mertail
a: no special abilities


You were on level 7 of the Dungeon.
You visited 1 branch of the dungeon, and saw 7 of its levels.

You collected 365 gold pieces.

Inventory:

Hand Weapons
 a - a +1 trident (weapon)
Missiles
 j - 5 curare-tipped darts (quivered)
Armour
 b - a +0 leather armour (worn)
 c - a +0 helmet (worn)
 n - a +1 pair of gloves (worn)
Jewellery
 e - a ring of positive energy (left hand)
 o - a ring of see invisible (right hand)
Wands
 f - a wand of flame (4)
 v - a wand of paralysis (4)
Scrolls
 i - a scroll of enchant weapon
 k - a scroll of enchant armour
 p - a scroll of fog
 x - 3 scrolls of fear {unknown}
 y - a scroll of identify
Potions
 g - a potion of flight
 h - a potion of resistance {unknown}
 l - a potion of curing {unknown}
 m - 2 potions of degeneration {unknown}
 q - 2 potions of might
 r - a potion of cancellation {unknown}
 s - a potion of attraction {unknown}
 t - a potion of invisibility
 u - 2 potions of lignification {unknown}
 w - 3 potions of mutation {unknown}
 A - 2 potions of magic {unknown}


   Skills:
 + Level 6.2 Fighting
 + Level 8.8 Polearms
 - Level 2.0 Throwing
 + Level 3.9 Armour
 + Level 8.1 Dodging


You had 7 spell levels left.
You didn't know any spells.
Your spell library contained the following spells:

 Spells                   Type           Power      Damage    Failure   Level
 Animate Skeleton         Necr           0%         N/A       45%         1
 Pain                     Necr           0%         1d4       45%         1
 Confusing Touch          Hex            0%         N/A       83%         3
 Gell's Gravitas          Tloc           0%         N/A       83%         3
 Vampiric Draining        Necr           0%         2d6       83%         3
 Animate Dead             Necr           0%         N/A       99%         4
 Petrify                  Tmut/Erth      0%         N/A       99%         4
 Agony                    Necr           0%         N/A       100%        5
 Metabolic Englaciation   Hex/Ice        0%         N/A       100%        5
 Yara's Violent Unravell  Hex/Tmut       0%         3d3       100%        5


Dungeon Overview and Level Annotations

Branches:
Dungeon (8/15)
 Temple: D:4-7         Lair: D:8-11

Altars:
Gozag
Hepliaklqana
Nemelex Xobeh

Shops:
D:4 [


Innate Abilities, Weirdness & Mutations

((You are quick and stealthy near water. (Stealth+, EV+, Speed+++)))
Your lower body shifts to a powerful aquatic tail in water.


Message History

The net rips apart, and the wyvern comes free!
You puncture the wyvern!
The wyvern is severely wounded.
The wyvern bites you but does no damage.
The wyvern closely misses you.
Throw: 2 throwing nets
Press: ? - help, Q - select action, (/) - cycle Shift-Dir - straight line, f/p - wyvern
Aim: a wyvern (severely wounded, 63% to hit)
You throw a throwing net. The throwing net hits the wyvern.
The wyvern is caught in the net!
The wyvern is severely wounded.
The wyvern struggles against the net.
You hit the wyvern.
The wyvern is severely wounded.
The wyvern struggles against the net.
The howler monkey hoots and howls with incredible vigour!
The wyvern struggles against the net.
You hear a shout! x2
You hit the wyvern.
The wyvern is almost dead.
The wyvern struggles against the net.
The net rips apart, and the wyvern comes free!
You hit the wyvern but do no damage.
The wyvern is almost dead.
The wyvern bites you!
* * * LOW HITPOINT WARNING * * *
Unknown command.
You closely miss the wyvern.
The wyvern is almost dead.
The wyvern completely misses you.
Throw: throwing net
Press: ? - help, Q - select action, (/) - cycle Shift-Dir - straight line, f/p - wyvern
Aim: a wyvern (severely wounded, 63% to hit)
You throw a throwing net.
The throwing net barely misses the wyvern.
The throwing net hits the howler monkey.
The howler monkey is caught in the net!
The howler monkey is almost dead.
The wyvern bites you!
You die...

#### ...
..# #..
#..##
#..# #.@#
##l##
#hS# #h.#
##.##
#..# ##.#
#†##
#..######


You could see a water moccasin, a wyvern, a howler monkey (caught, catching
breath) and a hound.

Vanquished Creatures
  Grinder (D:4)
  Sigmund (D:2)
  Eustachio (D:4)
  A sky beast (D:4)
  An ogre (D:7)
  Blork the orc (D:4)
  A scorpion (D:5)
  A killer bee (D:7)
  2 howler monkeys (D:7)
  2 jellies
  2 orc priests (D:4)
  A bullfrog skeleton (D:7)
  2 hounds
  Ijyb (D:3)
  Natasha (twice) (D:2)
  A hound skeleton (D:5)
  A howler monkey skeleton (D:5)
  3 adders
  2 adder skeletons
  11 orcs
  5 bats
  4 endoplasms
  3 giant cockroaches
  4 goblins
  6 hobgoblins
  6 jackals (D:2)
  4 quokkas
  5 ball pythons
  A frilled lizard (D:2)
  4 kobolds
  5 rats
85 creatures vanquished.

Vanquished Creatures (collateral kills)
  A centaur zombie (D:7)
  A steam dragon (D:7)
  2 orcs (D:7)
4 creatures vanquished.

Grand Total: 89 creatures vanquished

Notes
Turn   | Place    | Note
-------+----------+-------------------------------------------
     0 | D:1      | Demosthentine the Merfolk Gladiator began the quest for the
                  | Orb.
     0 | D:1      | Reached XP level 1. HP: 16/16 MP: 1/1
   359 | D:1      | Reached XP level 2. HP: 23/23 MP: 2/2
   841 | D:2      | Reached XP level 3. HP: 28/28 MP: 3/3
   903 | D:2      | Noticed Natasha
   915 | D:2      | Killed Natasha
   916 | D:2      | Reached skill level 5 in Polearms
   916 | D:2      | Reached skill level 1 in Armour
  1246 | D:2      | Noticed Natasha
  1256 | D:2      | Killed Natasha
  1257 | D:2      | Reached XP level 4. HP: 7/35 MP: 4/4
  1630 | D:2      | Found a faded altar of an unknown god.
  1673 | D:2      | Noticed Sigmund
  1683 | D:2      | Killed Sigmund
  1684 | D:2      | Reached skill level 5 in Dodging
  1684 | D:2      | Reached XP level 5. HP: 15/42 MP: 5/5
  1684 | D:2      | Reached XP level 6. HP: 17/48 MP: 6/6
  2266 | D:3      | Noticed Ijyb
  2285 | D:3      | Killed Ijyb
  3607 | D:4      | Noticed Grinder
  3622 | D:4      | Paralysed by Grinder for 4 turns
  3628 | D:4      | Killed Grinder
  3629 | D:4      | Reached XP level 7. HP: 36/55 MP: 7/7
  3761 | D:4      | Noticed Eustachio
  3783 | D:4      | Killed Eustachio
  4009 | D:4      | Found Yczum's Armour Shoppe.
  4017 | D:4      | Reached skill level 5 in Fighting
  4158 | D:4      | Found a hazy altar of Hepliaklqana.
  4479 | D:4      | Noticed Blork the orc
  4496 | D:4      | Killed Blork the orc
  4497 | D:4      | Reached XP level 8. HP: 37/62 MP: 8/8
  4747 | D:4      | Found a sparkling altar of Nemelex Xobeh.
  4747 | D:4      | Found an opulent altar of Gozag.
  4826 | D:5      | Entered Level 5 of the Dungeon
  5413 | D:5      | You fall into a shaft and drop 3 floors!
  5888 | D:7      | Noticed a wyvern
  5908 | D:7      | Slain by a wyvern

Illustrated notes

Levels and vault maps discovered:
D:1:      zaba_arrival_water, layout_basic
D:2:      layout_basic, hellmonk_ecumenical_altar_heavens_door, uniq_natasha,
          uniq_sigmund
D:3:      layout_basic, uniq_ijyb
D:4:      layout_rooms, grunt_temple_overflow_opulence, lemuel_round_altar,
          serial_shops, shop, uniq_blork_the_orc, uniq_eustachio, uniq_grinder
D:5:      layout_loops_corners, roderic_serpentine_path
D:7:      cheibrodos_statue_roulette, layout_cave_pods, kennysheep_little_box,
          tgw_xom
D:8:      layout_rooms, kennysheep_mini, item_on_display_a

Skill      XL: |  1  2  3  4  5  6  7  8 |
---------------+-------------------------+-----
Polearms       | 5 6 7 8 |  8.8
Armour         | 1 2 3 |  3.9
Fighting       | 3 4 5 6 |  6.2
Dodging        | 5 6 7 8 |  8.1
Throwing       | |  2.0

Action                   |  1- 3 |  4- 6 |  7- 9 || total
-------------------------+-------+-------+-------++-------
Melee: Trident           |    75 |   145 |   167 ||   387
Throw: Throwing net      |       |     3 |     3 ||     6
  Use: Scroll            |     3 |     4 |     2 ||     9
       Potion            |       |       |     4 ||     4
 Stab: Held in net/web   |       |     1 |       ||     1
       Sleeping          |       |     3 |     2 ||     5
       Invisible         |       |       |     1 ||     1
Armor: Leather armour    |    11 |    34 |    93 ||   138
Dodge: Dodged            |    43 |    91 |   192 ||   326

Table legend: (Time is in decaauts)
 A = Elapsed time spent in this place.
 B = Non-inter-level travel time spent in this place.
 C = Inter-level travel time spent in this place.
 D = Time resting spent in this place.
 E = Time spent auto-exploring this place.
 F = Levels seen in this place.
 G = Mean time per level.
                   A        B        C        D        E       F      G
               +--------+--------+--------+--------+--------+-----+--------+
         Total |   5890 |   5844 |     46 |   1615 |   3525 |   7 |  841.4 |
       Dungeon |   5890 |   5844 |     46 |   1615 |   3525 |   7 |  841.4 |
               +--------+--------+--------+--------+--------+-----+--------+

Top non-repeatable levels by time:
     D:4: 1616 daAuts
     D:2: 1555 daAuts
     D:3: 960 daAuts
     D:1: 686 daAuts
     D:5: 584 daAuts
     D:7: 476 daAuts
     D:8: 9 daAuts
